 Seeded DCSS version 0.27-a0-249-g74f53ef629 (webtiles) character file.

Game seed: 212 (custom seed)

4 Snicker the Sneak (level 1, -3/18 HPs)
             Began as a Demonspawn Delver on Feb 3, 2021.
             Slain by a sky beast (5 damage)
             ... on level 6 of the Dungeon.
             The game lasted 00:00:28 (401 turns).

Snicker the Sneak (Demonspawn Delver)                Turns: 401, Time: 00:00:28

Health: -3/18      AC:  3    Str: 12    XL:     1   Next: 50%
Magic:  1/1        EV: 12    Int: 11    God:
Gold:   0          SH:  0    Dex: 14    Spells: 0/0 levels left

rFire    . . .     SeeInvis .   a - +0 short sword
rCold    . . .     Faith    .   (no shield)
rNeg     . . .     Spirit   .   b - +0 leather armour
rPois    .         Reflect  .   (no helmet)
rElec    .         Harm     .   (no cloak)
rCorr    .         Rampage  .   (no gloves)
Will     .....                  (no boots)
Stlth    ++........             (no amulet)
HPRegen  0.06/turn              (no ring)
MPRegen  0.07/turn              (no ring)

@: no status effects
A: no striking features
a: no special abilities


You were on level 6 of the Dungeon.
You visited 1 branch of the dungeon, and saw 2 of its levels.

Inventory:

Hand Weapons
 a - a +0 short sword (weapon)
Armour
 b - a +0 leather armour (worn)
Wands
 g - a wand of digging (3)
 i - a wand of polymorph (3)
Scrolls
 c - a scroll of fog
 d - a scroll of magic mapping
 e - a scroll of fear
 h - a scroll of amnesia {unknown}
Potions
 f - a potion of haste


   Skills:
 + Level 3.1 Fighting
 * Level 2.0 Short Blades
 + Level 1.7 Dodging
 * Level 4.5 Stealth


You couldn't memorise any spells.
You didn't know any spells.
Your spell library was empty.

Dungeon Overview and Level Annotations

Branches:
Dungeon (6/15)
 Temple: D:4-7

Altars:


Message History

Aiming: Polymorph
Press: ? - help, Shift-Dir - straight line, f/p - wyvern
Aim: a wyvern (will become a hornet, a sky beast, or a fire bat, chance to affect: 46%)
The wyvern evaporates and reforms as a sky beast!
The sky beast hits you. The sky beast shocks you.
Unknown command.
The sky beast flickers out of sight!
Deactivating autopickup; reactivate with Ctrl-A.
A sky beast appears from thin air!
Reactivating autopickup.
The sky beast flickers out of sight!
Deactivating autopickup; reactivate with Ctrl-A.
Something hits you. Something shocks you.
* * * LOW HITPOINT WARNING * * *
A sky beast appears from thin air!
Reactivating autopickup.
The sky beast hits you.
* * * LOW HITPOINT WARNING * * *
The sky beast shocks you.
You die...

#.# ##...## #...#
#.# ##+## ##.## #.##
#.# #.# ...# #.# #.#
#..# ##.## #.#
#..####...## #.#
...........# #.#
.#.####...########.#
<#.# #......†..@Y.#
...# ##############
####


You could see a sky beast.

Vanquished Creatures
  2 leopard geckos (D:6)
2 creatures vanquished.

Notes
Turn   | Place    | Note
-------+----------+-------------------------------------------
     0 | D:5      | Snicker the Demonspawn Delver began the quest for the Orb.
     0 | D:5      | Reached XP level 1. HP: 18/18 MP: 1/1
   376 | D:6      | Noticed a sky beast
   378 | D:6      | Noticed a wyvern
   378 | D:6      | a sky beast changed into a wyvern
   380 | D:6      | Noticed a sky beast
   380 | D:6      | a wyvern changed into a sky beast
   401 | D:6      | Slain by a sky beast

Illustrated notes

Levels and vault maps discovered:
D:5:      layout_cave_pools, overflow_temple_1_default, serial_gnoll_camp,
          gnoll_camp_huts_basic, gnoll_camp_mini_hut, gnoll_camp_mini_loothouse,
          gnoll_camp_mini_shop, gnoll_camp_mini_shop
D:6:      layout_loops_corners, serial_glass, glass_columns_c, glass_columns_a,
          uniq_pikel

Skill      XL: |  1 |
---------------+----+-----
Short Blades   | 2 |  2.0
Fighting       | |  3.1
Dodging        | |  1.7
Stealth        | |  4.5

Action                   || total
-------------------------++-------
Melee: Short sword       ||    17
Evoke: Wand              ||     3
Armor: Leather armour    ||     3
Dodge: Dodged            ||    10

Table legend: (Time is in decaauts)
 A = Elapsed time spent in this place.
 B = Non-inter-level travel time spent in this place.
 C = Inter-level travel time spent in this place.
 D = Time resting spent in this place.
 E = Time spent auto-exploring this place.
 F = Levels seen in this place.
 G = Mean time per level.
                   A        B        C        D        E       F      G
               +--------+--------+--------+--------+--------+-----+--------+
         Total |    400 |    400 |      0 |    162 |    169 |   2 |  200.0 |
       Dungeon |    400 |    400 |      0 |    162 |    169 |   2 |  200.0 |
               +--------+--------+--------+--------+--------+-----+--------+

Top non-repeatable levels by time:
     D:6: 399 daAuts
     D:5: 1 daAuts
